 Dungeon Sprint DCSS version 0.31.0-12-g77e489cdc1 (webtiles) character file.

Game seed: 6065736701008591582

441 Silvore the Protected (level 6, -15/66 HPs)
             Began as a Minotaur Fighter on Feb 21, 2024.
             Was an Initiate of Okawaru.
             Succumbed to Sonja's poison
             ... in the Dungeon (Sprint I: "Red Sonja").
             The game lasted 00:00:47 (364 turns).

Silvore the Protected (Minotaur Fighter)             Turns: 364, Time: 00:00:47

Health: -15/66     AC:  8    Str: 22    XL:     6   Next: 71%
Magic:  5/5        EV: 10    Int:  5    God:    Okawaru [......]
Gold:   297        SH:  6    Dex: 10    Spells: 5/5 levels left

rFire   . . .        a - +0 war axe
rCold   . . .        c - +0 buckler
rNeg    . . .        b - +0 scale mail
rPois   .            (helmet restricted)
rElec   .            (no cloak)
rCorr   .            (no gloves)
SInv    .            (no boots)
Will    .....        (no amulet) Stlth
                     (no ring)
HPRegen 0.31/turn    (no ring)
MPRegen 0.09/turn

%: no teleportation
@: lethally poisoned (-15 -> -80)
A: horns 2, retaliatory headbutt
a: Renounce Religion


You were in the Dungeon.
You worshipped Okawaru.
Okawaru was noncommittal.
You visited 1 branch You collected 297 gold pieces.

Inventory:

Hand Weapons
 a - a +0 war axe (weapon)
Armour
 b - a +0 scale mail (worn)
 c - a +0 buckler (worn)
Scrolls
 d - a scroll of identify {unknown}
 j - a scroll of blinking
Potions
 e - a potion of curing
 g - a potion of haste
 h - 2 potions of magic
 i - a potion of berserk rage


   Skills:
 + Level 9.8 Fighting
 + Level 7.8 Axes
 + Level 10.1 Armour
 + Level 1.0 Dodging
 + Level 9.2 Shields


You had 5 spell levels left.
You didn't know any spells.
Your spell library contained the following spells:

 Spells                   Type           Power      Damage    Failure   Level
 Ensorcelled Hibernation  Hex/Ice        0%         N/A       91%         2
 Passwall                 Erth           0%         N/A       99%         3
 Swiftness                Air            0%         N/A       99%         3


Dungeon Overview and Level Annotations

Branches:
Dungeon (1/1)

Altars:
Cheibriados
Dithmenos
Elyvilon
Fedhas
Gozag
Hepliaklqana
Kikubaaqudgha
Nemelex Xobeh
Okawaru
Qazlal
Ru
Sif Muna
Trog
Uskayaw
Vehumet
Wu Jian
Yredelemnul
Zin
The Shining One

Shops:
D :

Annotations:
D Sonja


Innate Abilities, Weirdness & Mutations

You have a pair of horns on your head.
You reflexively headbutt those who attack you in melee.


Message History

You are more poisoned.
Found 108 gold pieces.
You barely miss Sonja.
You feel very sick. Sonja closely misses you. You furiously retaliate!
You headbutt Sonja, but do no damage.
Sonja hits you with a +2 dagger of venom.
You block Sonja's attack.
You completely miss Sonja.
You feel very sick. You block Sonja's attack.
Sonja hits you with a +2 dagger of venom.
You are more poisoned.
Sonja closely misses you.
Sonja hits you with a +2 dagger of venom!
Sonja closely misses you. x2
You closely miss Sonja. Your headbutt misses Sonja.
You feel very sick.
Sonja hits you with a +2 dagger of venom.
You are more poisoned.
You block Sonja's attack.
Sonja hits you with a +2 dagger of venom.
Sonja hits you but does no damage.
You are more poisoned.
Sonja hits you but does no damage.
You are lethally poisoned!
Sonja hits you with a +2 dagger of venom!
You are more poisoned.
You miss Sonja.
* * * LOW HITPOINT WARNING * * *
You feel extremely sick.
Sonja hits you with a +2 dagger of venom.
* * * LOW HITPOINT WARNING * * *
You are more poisoned.
Sonja hits you with a +2 dagger of venom.
* * * LOW HITPOINT WARNING * * *
You are more poisoned.
Sonja barely misses you.
You completely miss Sonja.
You die...

################
#<.#..').#..'..#
#..').#..').#..+
#..#####'#####'#
#..####..#...#.#
#..#__####..##.#
#..#_____##'#_.+
#⌠⌠#_.∩...'K.._#
####_..__##_@#+#
#_____###'#
####### #.# $.$
$.$ ##.## #+#


You could see Sonja.

Vanquished Creatures
  Sigmund (D)
  A yak (D)
  An ogre (D)
  A jelly (D)
  Ijyb (D)
5 creatures vanquished.

Notes
Turn   | Place    | Note
-------+----------+-------------------------------------------
     0 | D        | Silvore the Minotaur Fighter began the quest for the Orb.
     0 | D        | Reached XP level 1. HP: 19/19 MP: 0/0
     2 | D        | Noticed Ijyb
     6 | D        | Killed Ijyb
     7 | D        | Reached skill level 5 in Fighting
     7 | D        | Reached skill level 5 in Armour
     7 | D        | Reached skill level 5 in Shields
     7 | D        | Reached XP level 2. HP: 28/29 MP: 1/1
     9 | D        | Noticed an ogre
    12 | D        | Killed an ogre
    13 | D        | Reached skill level 7 in Armour
    13 | D        | Reached XP level 3. HP: 39/39 MP: 2/2
    13 | D        | Reached XP level 4. HP: 47/47 MP: 3/3
    22 | D        | Noticed Sigmund
    28 | D        | Killed Sigmund
    29 | D        | Reached skill level 9 in Armour
    29 | D        | Reached XP level 5. HP: 47/56 MP: 4/4
    42 | D        | Found an ornate altar of the Wu Jian Council.
    42 | D        | Found a shimmering blue altar of Sif Muna.
    44 | D        | Found a radiant altar of Vehumet.
    49 | D        | Reached XP level 6. HP: 38/63 MP: 5/5
   132 | D        | Found Hysuc's Book Emporium.
   132 | D        | Found an ancient bone altar of Kikubaaqudgha.
   132 | D        | Found a hazy altar of Hepliaklqana.
   132 | D        | Found a stormy altar of Qazlal.
   132 | D        | Found a hide-covered altar of Uskayaw.
   132 | D        | Found a blossoming altar of Fedhas.
   132 | D        | Found a bloodstained altar of Trog.
   132 | D        | Found an iron altar of Okawaru.
   132 | D        | Found a basalt altar of Yredelemnul.
   132 | D        | Found a glowing golden altar of the Shining One.
   132 | D        | Found a snail-covered altar of Cheibriados.
   132 | D        | Found a sacrificial altar of Ru.
   132 | D        | Found a glowing silver altar of Zin.
   132 | D        | Found a shadowy altar of Dithmenos.
   132 | D        | Found a white marble altar of Elyvilon.
   132 | D        | Noticed a yak
   145 | D        | HP: 1/63 [yak (9)]
   148 | D        | Killed a yak
   149 | D        | Reached skill level 10 in Armour
   149 | D        | Reached skill level 1 in Dodging
   149 | D        | Found an opulent altar of Gozag.
   150 | D        | Found a sparkling altar of Nemelex Xobeh.
   156 | D        | Became a worshipper of Warmaster Okawaru
   359 | D        | Noticed Sonja
   363 | D        | HP: 1/66 [Sonja/+2 dagger of venom (5)]
   364 | D        | Succumbed to Sonja's poison

Illustrated notes

Levels and vault maps discovered:
D:        dungeon_sprint_1 [red_sonja_temple_1, red_sonja_temple_small_1]

Skill      XL: |  1  2  3  4  5  6 |
---------------+-------------------+-----
Fighting       | 5 7 8 9 |  9.8
Axes           | 3 4 6 7 |  7.8
Armour         | 5 7 9 10 | 10.1
Shields        | 5 6 8 9 |  9.2
Dodging        | 1 |  1.0

Action                     |  1- 3 |  4- 6 || total
---------------------------+-------+-------++-------
  Melee: War axe           |     5 |    28 ||    33
         Headbutt          |     1 |     7 ||     8
    Use: Potion            |     1 |     1 ||     2
 Armour: Scale mail        |     2 |    27 ||    29
  Dodge: Dodged            |     1 |    14 ||    15
  Block: Buckler           |     3 |     6 ||     9
